 Dungeon Sprint DCSS version 0.29-a0-723-gce39da1c22 (webtiles) character file.

Game seed: 18221972963860746389

56 Hipnos the Summoner (level 3, -1/28 HPs)
             Began as a Deep Elf Summoner on June 28, 2022.
             Succumbed to a scorpion's poison
             ... in the Dungeon (Sprint II: "The Violet Keep of Menkaure").
             The game lasted 00:00:43 (26 turns).

Hipnos the Summoner (Deep Elf Summoner)               Turns: 26, Time: 00:00:44

Health: -1/28      AC:  2    Str:  5    XL:     3   Next: 69%
Magic:  1/11       EV: 13    Int: 21    God:
Gold:   0          SH:  0    Dex: 15    Spells: 10/11 levels left

rFire   . . .      SeeInvis .   (no weapon)
rCold   . . .      Faith    .   (no shield)
rNeg    . . .      Spirit   .   a - +0 robe
rPois   .          Reflect  .   (no helmet)
rElec   .          Harm     .   (no cloak)
rCorr   .          Rampage  .   (no gloves)
Will    .....      NoTele   +   (no boots)
Stlth   ..........              (no amulet)
HPRegen 0.09/turn               (no ring)
MPRegen 0.12/turn               (no ring)

@: berserking (expiring), lethally poisoned (-1 -> -13), very quick
A: no striking features
a: no special abilities


You were in the Dungeon.
You visited 1 branch

Inventory:

Armour
 a - a +0 robe (worn)
Scrolls
 g - a scroll of blinking
Potions
 b - 3 potions of magic
 c - a potion of curing
 d - a potion of heal wounds
 e - a potion of haste


   Skills:
 + Level 0.2 Fighting
 + Level 3.1 Dodging
 + Level 3.2 Stealth
 + Level 4.8 Spellcasting
 + Level 8.1 Summonings


You had 10 spell levels left.
You knew the following spells:

 Your Spells              Type           Power      Damage    Failure   Level
a - Summon Small Mammal   Summ           100%       N/A       1%          1

Your spell library contained the following spells:

 Spells                   Type           Power      Damage    Failure   Level
 Call Imp                 Summ           39%        N/A       1%          2
 Call Canine Familiar     Summ           39%        N/A       1%          3
 Summon Guardian Golem    Hex/Summ       22%        N/A       6%          3
 Summon Lightning Spire   Summ/Air       22%        N/A       21%         4


Dungeon Overview and Level Annotations

Branches:
Dungeon (1/1)

Altars:


Message History

The scorpion is heavily wounded.
Your quokka misses the scorpion. You closely miss the scorpion.
The scorpion is heavily wounded.
The scorpion stings you but does no damage.
The scorpion stings you.
You are poisoned.
The scorpion poisons you!
Your quokka bites the scorpion.
You punch the scorpion!
You kill the scorpion!
You feel sick. The scorpion stings you.
You are more poisoned.
The scorpion poisons you!
Your Dodging skill increases to level 3!
Your Stealth skill increases to level 3!
Your Spellcasting skill increases to level 4!
Your Summonings skill gained 4 levels and is now at level 8!
You have reached level 2!
You have reached level 3!
Your experience leads to an increase in your attributes!
Increase (S)trength, (I)ntelligence, or (D)exterity?
You feel clever. x2
You barely miss the scorpion.
* * * LOW HITPOINT WARNING * * *
You feel very sick. The scorpion stings you.
* * * LOW HITPOINT WARNING * * *
Your quokka misses the scorpion. You hit the scorpion.
The scorpion is lightly wounded.
* * * LOW HITPOINT WARNING * * *
You feel sick. The scorpion barely misses you.
You hit the scorpion but do no damage.
The scorpion is lightly wounded.
* * * LOW HITPOINT WARNING * * *
You feel sick.
Your quokka completely misses the scorpion.
You barely miss the scorpion.
The scorpion is lightly wounded.
You die...

# #+#
#..###s##
#$'.r@+
#..###.##
# #+#


You could see a scorpion (ally target) and a friendly quokka (summoned).

Vanquished Creatures
  A scorpion (D)
1 creature vanquished.

Notes
Turn   | Place    | Note
-------+----------+-------------------------------------------
     0 | D        | Hipnos the Deep Elf Summoner began the quest for the Orb.
     0 | D        | Reached XP level 1. HP: 10/10 MP: 6/6
     1 | D        | Noticed a scorpion
     1 | D        | Noticed a scorpion
    22 | D        | Killed a scorpion
    23 | D        | Reached skill level 8 in Summonings
    23 | D        | Reached XP level 2. HP: 8/15 MP: 0/9
    23 | D        | Reached XP level 3. HP: 11/19 MP: 0/11
    25 | D        | HP: 1/28 [poisoned by a scorpion]
    26 | D        | Succumbed to a scorpion's poison

Illustrated notes

Levels and vault maps discovered:
D:        the_violet_keep_of_menkaure [sprint2_stairs_cluster_1,
          sprint2_shoproom, sprint2_temple, sprint2_basic_supplies,
          sprint2_obstacle_3, sprint2_obstacle_7, sprint2_obstacle_1,
          sprint2_obstacle_5, sprint2_obstacle_6, sprint2_timed_cluster_1,
          sprint2_smallroom_cluster_1, sprint2_smallroom_final_cluster_1,
          sprint2_transparent_cluster_1, sprint2_second_timed_cluster_1,
          sprint2_sniper_area_1, sprint2_heavy_combat_area_1,
          sprint2_mutation_trap_area_1, sprint2_forest_area_1,
          sprint2_light_combat_area_1, sprint2_behind_water_1,
          sprint2_near_end_vault_1]

Skill      XL: |  1 |
---------------+----+-----
Dodging        | 3 |  3.1
Stealth        | 3 |  3.2
Spellcasting   | 4 |  4.8
Summonings     | 8 |  8.1
Fighting       | |  0.2

Action                   || total
-------------------------++-------
Melee: Unarmed           ||     9
 Cast: Summon Small Mamm ||     7
  Use: Potion            ||     1
Armor: Robe              ||     2
Dodge: Dodged            ||     2

Table legend: (Time is in decaauts)
 A = Elapsed time spent in this place.
 B = Non-inter-level travel time spent in this place.
 C = Inter-level travel time spent in this place.
 D = Time resting spent in this place.
 E = Time spent auto-exploring this place.
 F = Levels seen in this place.
 G = Mean time per level.
                   A        B        C        D        E       F      G
               +--------+--------+--------+--------+--------+-----+--------+
         Total |     23 |     23 |      0 |      0 |      0 |   1 |   23.0 |
       Dungeon |     23 |     23 |      0 |      0 |      0 |   1 |   23.0 |
               +--------+--------+--------+--------+--------+-----+--------+

Top non-repeatable levels by time:
       D: 23 daAuts
